3L
OAKLAND OAKS @ HOUSTON 1837 COLT .45S
07/19/2019
 
TOP OF THE 1ST
Oakland Oaks batting - Pitching for Houston 1837 Colt .45s : RHP Dave Goode
Pitching: RHP Dave Goode
Batting: SHB Ramiro Salazar 0-0: Ball
1-0: Ball
2-0: SINGLE (Flyball, 89S)
Batting: LHB Félix Pérez 0-0: Ball
1-0: Called Strike
1-1: Ball
2-1: Ball
3-1: Fly out, F3 (Line Drive, 34S)
3-1: Lined into DP, U3 (Line Drive, 34S)
Batting: RHB Alden Wiley 0-0: Swinging Strike
0-1: Ball
1-1: Ball
2-1: Ground out 5-3 (Groundball, 5)
Top of the 1st over - 0 run(s), 1 hit(s), 0 error(s), 0 left on base; Oakland 0 - Houston 1837 0
BOTTOM OF THE 1ST
Houston 1837 Colt .45s batting - Pitching for Oakland Oaks : LHP Rusty Williamson
Pitching: LHP Rusty Williamson
Batting: RHB Elvis Larson 0-0: Called Strike
0-1: SINGLE (Line Drive, 56D)
Batting: SHB Cedric Fields 0-0: Ball
1-0: Called Strike
1-1: Swinging Strike
1-2: Strikes out swinging
Batting: LHB Mark McClear 0-0: Ball
1-0: Grounds out, U3 (Groundball, 3L)
Batting: RHB Rob Warner 0-0: Ball
1-0: Ball
Wild Pitch!
Elvis Larson to third
2-0: Ball
3-0: Called Strike
3-1: Called Strike
3-2: DOUBLE (Line Drive, 5L)
Elvis Larson scores
Batting: RHB Tomás Gonzáles 0-0: Foul Ball, location: 2F
0-1: DOUBLE (Flyball, 89S)
Rob Warner scores
Batting: RHB Carlos Vera 0-0: Called Strike
0-1: Ball
1-1: Ground out 4-3 (Groundball, 4)
Bottom of the 1st over - 2 run(s), 3 hit(s), 0 error(s), 1 left on base; Oakland 0 - Houston 1837 2
TOP OF THE 2ND
Oakland Oaks batting - Pitching for Houston 1837 Colt .45s : RHP Dave Goode
Batting: RHB Aurelio Vázquez 0-0: Ball
1-0: Ball
2-0: Called Strike
2-1: Ball
3-1: Ground out 4-3 (Groundball, 4M)
Batting: RHB Dave Henderson 0-0: Ball
1-0: Ball
2-0: Foul Ball, location: 2F
2-1: Ball
3-1: Called Strike
3-2: Ground out 6-3 (Groundball, 56)
Batting: SHB Eugene Parrish 0-0: Called Strike
0-1: Ball
1-1: SINGLE (Groundball, 4M)
Batting: RHB Chandler Bailey 0-0: DOUBLE (Line Drive, 7LS)
Eugene Parrish to third
Batting: LHB Rusty Williamson 0-0: Ball
1-0: Ball
2-0: Ball
3-0: Foul Ball, location: 2F
3-1: Called Strike
3-2: Foul Ball, location: 2F
3-2: Ground out 3-1 (Groundball, 34)
Top of the 2nd over - 0 run(s), 2 hit(s), 0 error(s), 2 left on base; Oakland 0 - Houston 1837 2
BOTTOM OF THE 2ND
Houston 1837 Colt .45s batting - Pitching for Oakland Oaks : LHP Rusty Williamson
Batting: LHB Casey Bright 0-0: Ball
1-0: Called Strike
1-1: Ground out 4-3 (Groundball, 4)
Batting: RHB Steve Hinkle 0-0: Ball
1-0: Called Strike
1-1: Ball
2-1: Fly out, F7 (Flyball, 78M)
Batting: RHB Dave Goode 0-0: Called Strike
0-1: Foul Ball, location: 2F
0-2: Ball
1-2: Ball
2-2: Foul Ball, location: 2F
2-2: Ball
3-2: Base on Balls
Batting: RHB Elvis Larson 0-0: Foul Ball, location: 2F
0-1: Swinging Strike
0-2: Strikes out swinging
Bottom of the 2nd over - 0 run(s), 0 hit(s), 0 error(s), 1 left on base; Oakland 0 - Houston 1837 2
TOP OF THE 3RD
Oakland Oaks batting - Pitching for Houston 1837 Colt .45s : RHP Dave Goode
Batting: LHB Maxwell Ings 0-0: Ball
1-0: Ball
2-0: SOLO HOME RUN (Flyball, 9LD), Distance : 345 ft
Batting: SHB Ramiro Salazar 0-0: Swinging Strike
0-1: Ball
1-1: Foul Ball, location: 2F
1-2: Foul Ball, location: 2F
1-2: Ball
2-2: SINGLE (Line Drive, 9LS)
Batting: LHB Félix Pérez 0-0: DOUBLE (Line Drive, 8RXD)
Ramiro Salazar to third
Runner from 3rd tries for Home, SAFE, no throw or cutoff
Batting: RHB Alden Wiley 0-0: Ball
1-0: Foul Ball, location: 2F
1-1: Ball
2-1: Ball
3-1: Ground out 1-3 (Groundball, 13S)
Félix Pérez to third
Batting: RHB Aurelio Vázquez 0-0: Ball
1-0: Fly out, F6 (Popup, 6S)
Batting: RHB Dave Henderson 0-0: Foul Ball, location: 2F
0-1: Ball
1-1: Ball
2-1: Fly out, F7 (Flyball, 7LSF)
Top of the 3rd over - 2 run(s), 3 hit(s), 0 error(s), 1 left on base; Oakland 2 - Houston 1837 2
BOTTOM OF THE 3RD
Houston 1837 Colt .45s batting - Pitching for Oakland Oaks : LHP Rusty Williamson
Batting: SHB Cedric Fields 0-0: Ball
1-0: Ball
2-0: Called Strike
2-1: Fly out, F4 (Popup, 34D)
Batting: LHB Mark McClear 0-0: Called Strike
0-1: Ball
1-1: Swinging Strike
1-2: Ball
2-2: Strikes out swinging
Batting: RHB Rob Warner 0-0: Called Strike
0-1: Ball
1-1: Fly out, F8 (Flyball, 8RD)
Bottom of the 3rd over - 0 run(s), 0 hit(s), 0 error(s), 0 left on base; Oakland 2 - Houston 1837 2
TOP OF THE 4TH
Oakland Oaks batting - Pitching for Houston 1837 Colt .45s : RHP Dave Goode
Batting: SHB Eugene Parrish 0-0: Ground out 4-3 (Groundball, 4)
Batting: RHB Chandler Bailey 0-0: Ball
1-0: Foul Ball, location: 2F
1-1: Foul Ball, location: 2F
1-2: Ball
2-2: Foul Ball, location: 2F
2-2: Ball
3-2: Ground out 6-3 (Groundball, 6M)
Batting: RHB Ken Simms 0-0: Ball
1-0: Ground out 4-3 (Groundball, 4)
Top of the 4th over - 0 run(s), 0 hit(s), 0 error(s), 0 left on base; Oakland 2 - Houston 1837 2
BOTTOM OF THE 4TH
Houston 1837 Colt .45s batting - Pitching for Oakland Oaks : RHP Ken Simms
Pitching: RHP Ken Simms
Batting: RHB Tomás Gonzáles 0-0: Foul Ball, location: 2F
0-1: Ball
1-1: Called Strike
1-2: Ball
2-2: Fly out, F9 (Flyball, 89D)
Batting: RHB Carlos Vera 0-0: Called Strike
0-1: Ball
1-1: SINGLE (Groundball, 56D)
Batting: LHB Casey Bright 0-0: Ball
1-0: Foul Ball, location: 2F
1-1: Ball
2-1: Fly out, F7 (Line Drive, 7M)
Batting: RHB Steve Hinkle 0-0: Called Strike
0-1: SINGLE (Groundball, 6MD) (infield hit)
Carlos Vera to second
Batting: RHB Dave Goode 0-0: Called Strike
0-1: Swinging Strike
0-2: Ball
1-2: Strikes out swinging
Bottom of the 4th over - 0 run(s), 2 hit(s), 0 error(s), 2 left on base; Oakland 2 - Houston 1837 2
TOP OF THE 5TH
Oakland Oaks batting - Pitching for Houston 1837 Colt .45s : RHP Dave Goode
Batting: LHB Maxwell Ings 0-0: Swinging Strike
0-1: Called Strike
0-2: Ball
1-2: Ball
2-2: Foul Ball, location: 2F
2-2: Ball
3-2: Foul Ball, location: 2F
3-2: Strikes out swinging
Batting: SHB Ramiro Salazar 0-0: Called Strike
0-1: Ball
1-1: Ground out U3 (Groundball, 3L)
Batting: LHB Félix Pérez 0-0: Called Strike
0-1: Ball
1-1: Fly out, F8 (Flyball, 8LD)
Top of the 5th over - 0 run(s), 0 hit(s), 0 error(s), 0 left on base; Oakland 2 - Houston 1837 2
BOTTOM OF THE 5TH
Houston 1837 Colt .45s batting - Pitching for Oakland Oaks : RHP Ken Simms
Batting: RHB Elvis Larson 0-0: Foul Ball, location: 2F
0-1: Foul Ball, location: 2F
0-2: SINGLE (Flyball, 7S)
Batting: SHB Cedric Fields 0-0: Called Strike
0-1: DOUBLE (Flyball, 89M)
Elvis Larson to third
Batting: LHB Mark McClear 0-0: Called Strike
0-1: Ball
1-1: Fly out, F8 (Flyball, 8RM)
Runner from 3rd tags up, SCORES, no throw
Batting: RHB Rob Warner 0-0: SINGLE (Line Drive, 78S)
Cedric Fields to third
Batting: RHB Tomás Gonzáles 0-0: Ground out 6-3 (Groundball, 6MS)
Cedric Fields scores
Rob Warner to second
Batting: RHB Carlos Vera 0-0: Swinging Strike
0-1: SINGLE (Line Drive, 56D)
Rob Warner to third
Runner from 3rd tries for Home, SAFE, no throw or cutoff
Pitching: RHP Curt Timperley
Batting: LHB Casey Bright 0-0: Ball
1-0: Foul Ball, location: 2F
1-1: Fly out, F7 (Flyball, 7M)
Bottom of the 5th over - 3 run(s), 4 hit(s), 0 error(s), 1 left on base; Oakland 2 - Houston 1837 5
TOP OF THE 6TH
Oakland Oaks batting - Pitching for Houston 1837 Colt .45s : RHP Dave Goode
Batting: RHB Alden Wiley 0-0: Ball
1-0: Swinging Strike
1-1: Swinging Strike
1-2: Ball
2-2: Strikes out swinging
Batting: RHB Aurelio Vázquez 0-0: Ground out 4-3 (Groundball, 4)
Batting: RHB Dave Henderson 0-0: Called Strike
0-1: Foul Ball, location: 2F
0-2: Ball
1-2: Foul Ball, location: 2F
1-2: SINGLE (Line Drive, 78S)
Batting: SHB Eugene Parrish 0-0: Ball
1-0: Foul Ball, location: 2F
1-1: Ball
2-1: Swinging Strike
2-2: Foul Ball, location: 2F
2-2: Ground out 1-3 (Groundball, 13)
Top of the 6th over - 0 run(s), 1 hit(s), 0 error(s), 1 left on base; Oakland 2 - Houston 1837 5
BOTTOM OF THE 6TH
Houston 1837 Colt .45s batting - Pitching for Oakland Oaks : RHP Curt Timperley
Batting: RHB Steve Hinkle 0-0: Ball
1-0: Swinging Strike
1-1: Foul Ball, location: 2F
1-2: Foul Ball, location: 2F
1-2: Ball
2-2: Ball
3-2: Foul Ball, location: 2F
3-2: Fly out, F8 (Flyball, 89M)
Batting: RHB Dave Goode 0-0: Foul Ball, location: 2F
0-1: Ball
1-1: Ground out 6-3 (Groundball, 6M)
Batting: RHB Elvis Larson 0-0: Ball
1-0: Fly out, F8 (Flyball, 8RM)
Bottom of the 6th over - 0 run(s), 0 hit(s), 0 error(s), 0 left on base; Oakland 2 - Houston 1837 5
TOP OF THE 7TH
Oakland Oaks batting - Pitching for Houston 1837 Colt .45s : RHP Dave Goode
Batting: RHB Chandler Bailey 0-0: Ball
1-0: SINGLE (Line Drive, 56)
Pinch Hitting: RHB Miguel Fernández 0-0: Ball
1-0: Ball
2-0: Swinging Strike
2-1: Ball
3-1: Foul Ball, location: 2F
3-2: Base on Balls
Chandler Bailey to second
Batting: LHB Maxwell Ings 0-0: Called Strike
0-1: Fly out, F7 (Flyball, 7D)
Batting: SHB Ramiro Salazar 0-0: Ball
1-0: Grounds into double play, 1-4-3 (Groundball, 13)
Top of the 7th over - 0 run(s), 1 hit(s), 0 error(s), 1 left on base; Oakland 2 - Houston 1837 5
BOTTOM OF THE 7TH
Houston 1837 Colt .45s batting - Pitching for Oakland Oaks : RHP Curt Timperley
Pitching: RHP Alberto Medina
Batting: SHB Cedric Fields 0-0: Foul Ball, location: 2F
0-1: Fly out, F9 (Line Drive, 89M)
Batting: LHB Mark McClear 0-0: Called Strike
0-1: Foul Ball, location: 2F
0-2: Fly out, F6 (Popup, 6D)
Batting: RHB Rob Warner 0-0: Ball
1-0: Ball
2-0: Foul Ball, location: 2F
2-1: Ball
3-1: Foul Ball, location: 2F
3-2: Foul Ball, location: 2F
3-2: Base on Balls
Batting: RHB Tomás Gonzáles 0-0: Ball
1-0: Ball
2-0: Called Strike
2-1: Ball
3-1: Base on Balls
Rob Warner to second
Batting: RHB Carlos Vera 0-0: Ball
1-0: Swinging Strike
1-1: Ball
2-1: Ground out 5-3 (Groundball, 56S)
Bottom of the 7th over - 0 run(s), 0 hit(s), 0 error(s), 2 left on base; Oakland 2 - Houston 1837 5
TOP OF THE 8TH
Oakland Oaks batting - Pitching for Houston 1837 Colt .45s : RHP Dave Goode
Batting: LHB Félix Pérez 0-0: Swinging Strike
0-1: Foul Ball, location: 2F
0-2: SINGLE (Groundball, 34S)
Batting: RHB Alden Wiley 0-0: Called Strike
0-1: Foul Ball, location: 2F
0-2: Grounds into double play, 5-4-3 (Groundball, 5L)
Batting: RHB Aurelio Vázquez 0-0: DOUBLE (Flyball, 9D)
Batting: RHB Dave Henderson 0-0: Called Strike
0-1: Ball
1-1: Ball
2-1: Foul Ball, location: 2F
2-2: Foul Ball, location: 2F
2-2: Ground out 5-3 (Groundball, 5S)
Top of the 8th over - 0 run(s), 2 hit(s), 0 error(s), 1 left on base; Oakland 2 - Houston 1837 5
BOTTOM OF THE 8TH
Houston 1837 Colt .45s batting - Pitching for Oakland Oaks : RHP Alberto Medina
Batting: LHB Casey Bright 0-0: Called Strike
0-1: Ball
1-1: Foul Ball, location: 2F
1-2: Ball
2-2: Ball
3-2: Base on Balls
Batting: RHB Steve Hinkle 0-0: Ball
1-0: Called Strike
1-1: Ball
2-1: Fly out, F7 (Line Drive, 78M)
Pinch Hitting: LHB Kyle Bass 0-0: Called Strike
0-1: Foul Ball, location: 2F
0-2: Fly out, F3 (Popup, 23F)
Batting: RHB Elvis Larson 0-0: Called Strike
0-1: Swinging Strike
0-2: Foul Ball, location: 2F
0-2: Fly out, F9 (Flyball, 9M)
Bottom of the 8th over - 0 run(s), 0 hit(s), 0 error(s), 1 left on base; Oakland 2 - Houston 1837 5
TOP OF THE 9TH
Oakland Oaks batting - Pitching for Houston 1837 Colt .45s : RHP Dave Goode
Pitching: RHP Dae Yi
Batting: SHB Eugene Parrish 0-0: Ball
1-0: Foul Ball, location: 2F
1-1: Swinging Strike
1-2: Foul Ball, location: 2F
1-2: Strikes out swinging
Batting: RHB Chandler Bailey 0-0: Foul Ball, location: 2F
0-1: Ball
1-1: Ball
2-1: Foul Ball, location: 2F
2-2: Strikes out looking
Pinch Hitting: LHB Edwin Church 0-0: Ball
1-0: Swinging Strike
1-1: SINGLE (Groundball, 6M)
Batting: LHB Maxwell Ings 0-0: Foul Ball, location: 2F
0-1: Ball
1-1: Called Strike
1-2: Ball
2-2: Ball
3-2: Base on Balls
Edwin Church to second
Batting: SHB Ramiro Salazar 0-0: Called Strike
0-1: Ball
1-1: Ball
2-1: Ball
3-1: SINGLE (Groundball, 34D)
Edwin Church to third
Maxwell Ings to second
Runner from 3rd tries for Home, SAFE, no throw or cutoff
Batting: LHB Félix Pérez 0-0: Ball
1-0: Foul Ball, location: 2F
1-1: Called Strike
1-2: Foul Ball, location: 2F
1-2: Ball
2-2: Strikes out looking
Top of the 9th over - 1 run(s), 2 hit(s), 0 error(s), 2 left on base; Oakland 3 - Houston 1837 5
This league is powered by Out of the Park Baseball, the baseball management simulation game for PC, Mac and Linux
Saturday, July 25th, 2015 - OOTP Baseball 15.6 Build 34